General information
- name: BNet
- type: Ladder 1vs1/FFA
- host: Battle.net
- saver: Liko
map: MeltingValley
- players: 2
- length: 35:02
- speed: Fast
- version: 1.26 W3XP
- replay type: Public
» download(132 KB)
Players
team 1 (winner)
Liko (
purple | 104 APM | 3629 actions | 35:02)
6 Death Knight
2 Death Coil
3 Unholy Aura
1 Animate Dead
5 Dark Ranger
1 Black Arrow
3 Silence
1 Life Drain
5 Pit Lord
3 Howl of Terror
2 Cleaving Attack
» actions
| Assign group hotkey | 91 | |
| Basic commands | 134 | |
| Build / train | 145 | |
| ESC pressed | 3 | |
| Enter build submenu | 33 | |
| Enter hero's abilities submenu | 16 | |
| Give item / drop item | 14 | |
| Right click | 1148 | |
| Select / deselect | 767 | |
| Select group hotkey | 1110 | |
| Use ability | 168 | |
3629 total
» units
| Acolyte | 8 | |
| Ghoul | 5 | |
| Crypt Fiend | 21 | |
| Abomination | 10 | |
| Goblin Zeppelin | 1 | |
| Goblin Sapper | 7 | |
| Frost Wyrm | 5 | |
57 total
» upgrades
| Burrow | 1 | |
| Creature Carapace | 3 | |
| Disease Cloud | 1 | |
| Freezing Breath | 1 | |
| Creature Attack | 1 | |
| Web | 1 | |
8 total
» buildings
| Graveyard | 1 | |
| Crypt | 1 | |
| Altar of Darkness | 1 | |
| Ziggurat | 11 | |
| Tomb of Relics | 5 | |
| Halls of the Dead | 1 | |
| Necropolis | 2 | |
| Nerubian Tower | 5 | |
| Black Citadel | 1 | |
| Sacrificial Pit | 1 | |
| Slaughterhouse | 1 | |
| Boneyard | 1 | |
| Spirit Tower | 1 | |
32 total
» build order
00:10 Graveyard
00:17 Crypt
00:47 Altar of Darkness
01:12 Ziggurat
01:54 Tomb of Relics
02:14 Ziggurat
03:53 Halls of the Dead
04:14 Necropolis
05:31 Tomb of Relics
05:36 Ziggurat
06:29 Nerubian Tower
07:28 Nerubian Tower
07:50 Ziggurat
08:21 Ziggurat
08:31 Black Citadel
09:11 Sacrificial Pit
09:24 Nerubian Tower
10:33 Tomb of Relics
11:02 Slaughterhouse
11:52 Ziggurat
12:16 Tomb of Relics
15:06 Boneyard
17:49 Nerubian Tower
22:59 Necropolis
25:56 Ziggurat
26:01 Tomb of Relics
26:06 Ziggurat
27:07 Nerubian Tower
27:09 Ziggurat
27:12 Ziggurat
27:23 Ziggurat
28:18 Spirit Tower
» items
| Rod of Necromancy | 1 | |
| Sacrificial Skull | 2 | |
| Potion of Healing | 8 | |
| Orb of Corruption | 5 | |
| Scroll of Healing | 12 | |
| Potion of Mana | 7 | |
| Boots of Speed | 1 | |
| Potion of Lesser Invulnerability | 5 | |
| Scroll of Town Portal | 1 | |
| Scroll of Protection | 3 | |
45 total
team 2 (loser)

»
haShashIn (
green | 139 APM | 4879 actions | 35:01)
4 Demon Hunter
2 Mana Burn
2 Evasion
4 Keeper of the Grove
2 Entangling Roots
2 Thorns Aura
4 Beastmaster
1 Summon Bear
2 Summon Hawk
1 Summon Quilbeast
» actions
| Assign group hotkey | 44 | |
| Basic commands | 366 | |
| Build / train | 114 | |
| ESC pressed | 9 | |
| Enter build submenu | 26 | |
| Enter hero's abilities submenu | 12 | |
| Give item / drop item | 4 | |
| Remove unit from queue | 5 | |
| Right click | 1426 | |
| Select / deselect | 893 | |
| Select group hotkey | 1780 | |
| Use ability | 200 | |
4879 total
» units
| Wisp | 22 | |
| Archer | 6 | |
| Huntress | 2 | |
| Dryad | 15 | |
| Druid of the Claw | 4 | |
| Glaive Thrower | 2 | |
| Mountain Giant | 3 | |
| Faerie Dragon | 2 | |
| Hippogryph | 4 | |
60 total
» upgrades
| Abolish Magic | 1 | |
| Improved Bows | 1 | |
| Strength of the Moon | 1 | |
| Druid of the Claw Training | 2 | |
| Strength of the Wild | 1 | |
6 total
» buildings
| Altar of Elders | 1 | |
| Moon Well | 8 | |
| Ancient of War | 1 | |
| Tree of Ages | 1 | |
| Hunter's Hall | 1 | |
| Ancient of Lore | 1 | |
| Tree of Life | 5 | |
| Tree of Eternity | 1 | |
| Ancient of Wind | 2 | |
| Ancient of Wonders | 2 | |
23 total
» build order
00:41 Altar of Elders
00:44 Moon Well
00:54 Ancient of War
01:38 Moon Well
01:45 Moon Well
03:18 Tree of Ages
03:52 Hunter's Hall
05:51 Ancient of Lore
06:09 Moon Well
06:13 Moon Well
08:00 Tree of Life
08:35 Tree of Eternity
11:09 Tree of Life
12:18 Ancient of Wind
13:29 Ancient of Wonders
15:07 Tree of Life
15:33 Moon Well
17:49 Moon Well
17:53 Moon Well
20:17 Tree of Life
23:08 Ancient of Wind
29:50 Tree of Life
33:03 Ancient of Wonders
» items
| Boots of Speed | 3 | |
| Scroll of Town Portal | 3 | |
| Anti-magic Potion | 4 | |
| Staff of Preservation | 1 | |
| Orb of Venom | 1 | |
| Moonstone | 1 | |
| Lesser Clarity Potion | 2 | |
| Scroll of Healing | 1 | |
| Potion of Lesser Invulnerability | 1 | |
17 total
Chat log
(31:38 / All) haShashIn: pff is bored
(34:55 / All) haShashIn: run newbie
(34:58 / All) haShashIn: u suck